 Dungeon Crawl Stone Soup version 0.29.1-15-g9cfb28693d (webtiles) character file.

Game seed: 6048394680616828466

65 protoss039 the Digger (level 3, 0/27 HPs)
             Began as a Demonspawn Earth Elementalist on Mar 12, 2023.
             Killed from afar by an orc wizard (11 damage)
             ... with a magic dart
             ... on level 3 of the Dungeon.
             The game lasted 00:02:36 (2271 turns).

protoss039 the Digger (DsEE)                        Turns: 2271, Time: 00:02:37

Health: 0/27       AC:  3    Str:  8    XL:     3   Next: 94%
Magic:  7/7        EV: 12    Int: 24    God:
Gold:   110        SH:  5    Dex: 13    Spells: 1/7 levels left

rFire   . . .      SeeInvis .   p - +2 short sword (vamp)
rCold   . . .      Faith    .   (no shield)
rNeg    . . .      Spirit   .   s - +1 robe of Nilluos {Stlth+}
rPois   .          Reflect  +   (no helmet)
rElec   .          Harm     .   (no cloak)
rCorr   .          Rampage  .   (no gloves)
Will    .....                   (no boots)
Stlth   +++.......              i - amulet of reflection
HPRegen 0.09/turn               o - +6 ring of intelligence
MPRegen 0.10/turn               (no ring)

@: no status effects
A: claws 2
a: no special abilities


You were on level 3 of the Dungeon.
You visited 1 branch of the dungeon, and saw 3 of its levels.

You collected 110 gold pieces.

Inventory:

Hand Weapons
 p - a +2 vampiric short sword (weapon)
Armour
 s - the +1 robe of Nilluos (worn) {Stlth+}
   (You found it on level 2 of the Dungeon)

   Stlth:     It makes you more stealthy.
 u - a +0 ring mail
Magical Staves
 m - a staff of air
Jewellery
 i - an amulet of reflection (around neck)
 o - a +6 ring of intelligence (left claw)
Scrolls
 e - 2 scrolls of identify {unknown}
 f - 2 scrolls of fear
 h - a scroll of enchant weapon {unknown}
 j - 2 scrolls of blinking
 n - a scroll of brand weapon {unknown}
 q - 2 scrolls of torment {unknown}
 t - 2 scrolls of teleportation
Potions
 a - a potion of curing {unknown}
 b - a potion of magic
 c - 4 potions of heal wounds {unknown}
 d - a potion of attraction {unknown}
 g - 2 potions of mutation {unknown}
 k - a potion of might {unknown}
 r - 2 potions of lignification {unknown}


   Skills:
 + Level 1.9 Fighting
 - Level 1.7 Dodging
 - Level 1.7 Stealth
 + Level 2.8 Spellcasting
 - Level 0.8 Transmutations
 + Level 3.3 Earth Magic


You had one spell level left.
You knew the following spells:

 Your Spells              Type           Power      Damage    Failure   Level
a - Sandblast             Erth           38%        2d10      2%          1
b - Passwall              Tmut/Erth      10%        N/A       7%          2
c - Stone Arrow           Conj/Erth      22%        3d8       17%         3

Your spell library contained the following spells:

 Spells                   Type           Power      Damage    Failure   Level
 Call Canine Familiar     Summ           3%         N/A       32%         3
 Portal Projectile        Hex/Tloc       6%         N/A       32%         3
 Petrify                  Tmut/Erth      13%        N/A       43%         4
 Animate Armour           Summ/Erth      22%        N/A       50%         4
 Leda's Liquefaction      Hex/Erth       5%         N/A       50%         4
 Lehudib's Crystal Spear  Conj/Erth      5%         10d3      100%        8


Dungeon Overview and Level Annotations

Branches:
Dungeon (3/15) Zot: 15684

Altars:
Fedhas


Innate Abilities, Weirdness & Mutations

You have very sharp fingernails.


Message History

The orc wizard attacks as you move away!
The orc wizard closely misses you. The orc wizard casts a spell at you.
The magic dart hits you.
The orc wizard hits you with a +0 dagger.
You hit the orc wizard.
You feel better.
The orc wizard is moderately wounded.
The orc wizard closely misses you.
The orc wizard attacks as you move away!
The orc wizard barely misses you. The orc wizard casts a spell at you.
The puff of flame misses you.
You bump into the rock wall.
The orc wizard gestures at you while chanting.
You are more confused.
The orc wizard gestures at you while chanting.
The magic dart hits you.
You completely miss the orc wizard.
The orc wizard is moderately wounded.
The orc wizard points at you and mumbles some strange words.
You resist with significant effort.
You closely miss the orc wizard.
The orc wizard is moderately wounded.
The orc wizard barely misses you.
You hit the orc wizard but do no damage.
The orc wizard is moderately wounded.
The orc wizard hits you with a +0 dagger.
You bump into the rock wall.
The orc wizard hits you with a +0 dagger.
You bump into the rock wall.
The orc wizard hits you with a +0 dagger.
You bump into the rock wall.
The orc wizard hits you with a +0 dagger.
You bump into the rock wall.
The orc wizard barely misses you.
You miss the orc wizard.
The orc wizard is moderately wounded.
You feel less confused.
The orc wizard points at you and mumbles some strange words.
The magic dart hits you!
You die...

#########. ..........
.......... ..........
......... ......#### ##
.......... ..
.P.P.#############.#####
.._..## #......@o).....
.P.P..# #.#######).....
......# #.# #...#
#####.# #.# ... #.####.#
# #.|....# ########


You could see an orc wizard.

Vanquished Creatures
  An adder (D:2)
  3 dart slugs
  3 orcs (D:3)
  3 endoplasms
  2 giant cockroaches (D:2)
  2 goblins
  3 hobgoblins
  7 jackals (D:1)
  6 kobolds
  A quokka (D:1)
  5 ball pythons
  2 bats (D:2)
  3 frilled lizards
  3 rats
44 creatures vanquished.

Notes
Turn   | Place    | Note
-------+----------+-------------------------------------------
     0 | D:1      | protoss039 the Demonspawn Earth Elementalist began the
                  | quest for the Orb.
     0 | D:1      | Reached XP level 1. HP: 13/13 MP: 3/3
   178 | D:1      | Gained mutation: You have sharp fingernails. [demonic
                  | ancestry]
   178 | D:1      | Reached XP level 2. HP: 19/20 MP: 0/5
   330 | D:1      | Reached skill level 1 in Fighting
   333 | D:1      | Reached skill level 3 in Earth Magic
  1301 | D:1      | Gained mutation: You have very sharp fingernails. [demonic
                  | ancestry]
  1301 | D:1      | Reached XP level 3. HP: 26/26 MP: 4/6
  1362 | D:1      | Learned a level 2 spell: Passwall
  1366 | D:1      | Learned a level 3 spell: Stone Arrow
  1728 | D:2      | Identified the +1 robe of Nilluos {Stlth+}
  2213 | D:3      | Found a blossoming altar of Fedhas.
  2271 | D:3      | Killed from afar by an orc wizard

Illustrated notes

Levels and vault maps discovered:
D:1:      reono_arrival_forest_river, layout_loops_cross
D:2:      layout_loops_cross, dreamdust_mushroom_princess,
          minmay_misc_feat_diagonals, minmay_heptomino_o4
D:3:      layout_basic, nicolae_overflow_hidden_temple, fedhas_altar_1,
          nicolae_qazlal_style_of_elements, kennysheep_generic_room_15,
          uniq_ijyb

Skill      XL: |  1  2 |
---------------+-------+-----
Fighting       | 1 |  1.9
Earth Magic    | 3 |  3.3
Dodging        | |  1.7
Stealth        | |  1.7
Spellcasting   | |  2.8
Transmutations | |  0.8

Action                   || total
-------------------------++-------
Melee: Club              ||    30
       Short sword       ||    29
 Cast: Sandblast         ||    49
  Use: Scroll            ||     3
 Stab: Sleeping          ||     4
Armor: Robe              ||    23
       Leather armour    ||     5
Dodge: Dodged            ||    78
Block: Other             ||     5
